 Dungeon Crawl Stone Soup version 0.29-a0-892-g2c4c91d9db (webtiles) character file.

Game seed: 4712494781099307479

309948 mathmaestro the Lord of Darkness (level 20, -6/160 HPs)
             Began as a Demonspawn Necromancer on July 20, 2022.
             Was the Champion of Kikubaaqudgha.
             Mangled by Mennas
             ... wielding a +5 eudemon blade of holy wrath
              (14 damage)
             ... on level 2 of the Vaults on July 22, 2022.
             The game lasted 03:19:07 (41095 turns).

mathmaestro the Lord of Darkness (DsNe)            Turns: 41095, Time: 03:19:08

Health: -6/160     AC: 19    Str: 10    XL:     20   Next: 38%
Magic:  37/37      EV: 26    Int: 23    God:    Kikubaaqudgha [******]
Gold:   3727       SH: 16    Dex: 15    Spells: 6/45 levels left

rFire   + . .      SeeInvis .   d - staff of death
rCold   . . .      Faith    .   h - +0 buckler
rNeg    + . .      Spirit   .   P - +3 troll leather armour {Snorg}
rPois   +          Reflect  +   (helmet restricted)
rElec   +          Harm     .   T - scarf {repulsion}
rCorr   .          Rampage  .   (gloves unavailable)
Will    ++...                   H - +1 pair of boots of Patterns {rPois Will+}
Stlth   +.........              g - amulet of reflection
HPRegen 1.16/turn               z - +4 ring of protection
MPRegen 0.50/turn               y - +4 ring of evasion

@: mighty, agile, glowing, studying Dodging, repel missiles
A: claws 3, molten scales 3, powered by pain 2, magic regeneration, black mark,
bedeviling, aura of silence, antennae 1, hooves 1, large bone plates 1,
electricity resistance
}: 2/15 runes: barnacled, gossamer
a: Renounce Religion, Unearth Wretches, Torment


You were on level 2 of the Vaults.
You worshipped Kikubaaqudgha.
Kikubaaqudgha was exalted by your worship.
You visited 7 branches of the dungeon, and saw 33 of its levels.
You also visited: Volcano.

You collected 6075 gold pieces.
You spent 2348 gold pieces at shops.

Inventory:

Missiles
 s - 11 boomerangs of dispersal
 M - 11 silver javelins
 S - 2 throwing nets (quivered)
Armour
 h - a +0 buckler (worn)
 H - the +1 pair of boots of Patterns (worn) {rPois Will+}
   (You acquired it on level 6 of the Dungeon)

   rPois:     It protects you from poison.
   Will:      It increases your willpower.
 P - a +3 troll leather armour (worn) {Snorg}
 T - a scarf of repulsion (worn)
Magical Staves
 d - a staff of death (weapon)
Jewellery
 g - an amulet of reflection (around neck)
 v - a ring of positive energy
 y - a +4 ring of evasion (right claw)
 z - a +4 ring of protection (left claw)
 E - a ring of see invisible
 I - a ring of protection from cold
 R - the ring "Hussur" {Will++ Str+6}
   (You found it on level 5 of the Lair of Beasts)

   [ring of strength]

   Str:       It affects your strength (+6).
   Will:      It greatly increases your willpower.
 V - a ring of resist corrosion
Wands
 a - a wand of mindburst (28)
 e - a wand of digging (18)
 l - a wand of paralysis (17)
 q - a wand of quicksilver (6)
 A - a wand of roots (9)
 C - a wand of flame (20)
Scrolls
 c - 5 scrolls of fear
 f - 19 scrolls of teleportation
 i - a scroll of enchant armour
 u - 6 scrolls of blinking
 B - a scroll of silence
 D - 5 scrolls of fog
 G - 4 scrolls of magic mapping
 J - 10 scrolls of identify
 O - 5 scrolls of poison
Potions
 b - 2 potions of magic
 j - a potion of brilliance
 k - 11 potions of might
 n - 12 potions of curing
 o - 6 potions of heal wounds
 p - 8 potions of haste
 t - 4 potions of flight
 w - 7 potions of ambrosia
 x - 2 potions of cancellation
 N - 6 potions of lignification
 Q - 2 potions of mutation
 U - a potion of invisibility
 X - a potion of resistance
Miscellaneous
 m - a box of beasts
 F - a phial of floods
 L - a piece from Xom's chessboard (15/15)


   Skills:
 + Level 14.3 Fighting
 - Level 12.0 Staves
 + Level 9.8 Armour
 + Level 11.4 Dodging
 - Level 5.0 Stealth
 + Level 9.8 Shields
 + Level 13.3 Spellcasting
 + Level 7.0 Summonings
 + Level 16.1 Necromancy
 - Level 4.0 Translocations
 + Level 9.7 Ice Magic
 + Level 9.8 Earth Magic
 - Level 13.0 Evocations


You had 6 spell levels left.
You knew the following spells:

 Your Spells              Type           Power      Damage    Failure   Level
a - Necrotise             Necr           100%       1d9       0%          1
b - Vampiric Draining     Necr           94%        2d12      1%          3
c - Animate Dead          Necr           94%        N/A       1%          4
d - Blink                 Tloc           68%        N/A       1%          2
e - Agony                 Necr           94%        N/A       1%          5
f - Dispel Undead         Necr           94%        3d30      1%          4
g - Borgnjor's Vile Clut  Necr/Erth      42%        N/A       1%          5
h - Simulacrum            Ice/Necr       42%        N/A       4%          6
i - Sublimation of Blood  Necr           94%        N/A       0%          2
j - Haunt                 Necr/Summ      40%        N/A       41%         7

Your spell library contained the following spells:

 Spells                   Type           Power      Damage    Failure   Level
 Apportation              Tloc           68%        N/A       1%          1
 Freeze                   Ice            100%       1d11      1%          1
 Sandblast                Erth           100%       2d20      1%          1
 Summon Small Mammal      Summ           100%       N/A       1%          1
 Ensorcelled Hibernation  Hex/Ice        100%       N/A       1%          2
 Passwall                 Tmut/Erth      30%        N/A       1%          2
 Frozen Ramparts          Ice            100%       1d12      1%          3
 Death Channel            Necr           47%        N/A       1%          6
 Stone Arrow              Conj/Erth      74%        3d11      2%          3
 Anguish                  Hex/Necr       43%        N/A       2%          4
 Summon Guardian Golem    Hex/Summ       47%        N/A       4%          3
 Slow                     Hex            92%        N/A       6%          1
 Sting                    Tmut/Pois      60%        1d6       6%          1
 Corpse Rot               Necr/Pois/Air  56%        N/A       7%          4
 Portal Projectile        Hex/Tloc       74%        N/A       9%          3
 Hailstorm                Conj/Ice       37%        3d9       9%          4
 Poisonous Vapours        Pois/Air       30%        N/A       10%         2
 Wereblood                Tmut           15%        N/A       10%         2
 Summon Lightning Spire   Summ/Air       31%        N/A       14%         4
 Confusing Touch          Hex            23%        N/A       19%         3
 Dazzling Flash           Conj/Hex       46%        N/A       19%         3
 Swiftness                Air            15%        N/A       19%         3
 Tukima's Dance           Hex            23%        N/A       19%         3
 Summon Forest            Summ/Tloc      20%        N/A       19%         5
 Iskenderun's Mystic Bla  Conj/Tloc      24%        2d7       26%         4
 Manifold Assault         Tloc           34%        N/A       32%         5
 Summon Cactus Giant      Summ           23%        N/A       47%         6
 Airstrike                Air            7%         0-4+      52%         4
 Olgreb's Toxic Radiance  Pois           15%        N/A       52%         4
 Alistair's Intoxication  Tmut/Pois      10%        N/A       86%         5
 Blade Hands              Tmut           7%         N/A       86%         5
 Irradiate                Conj/Tmut      7%         3d14      86%         5
 Lightning Bolt           Conj/Air       7%         1d20      86%         5
 Eringya's Noxious Bog    Tmut/Pois      7%         N/A       100%        6
 Starburst                Conj/Fire      7%         6d4       100%        6
 Borgnjor's Revivificati  Necr           47%        N/A       47%         8
 Infestation              Necr           47%        N/A       47%         8
 Summon Hydra             Summ           23%        N/A       96%         7
 Dragon Form              Tmut           7%         N/A       100%        7
 Orb of Destruction       Conj           7%         9d6       100%        7
 Spellforged Servitor     Conj/Summ      15%        N/A       100%        7
 Storm Form               Tmut/Air       7%         N/A       100%        7
 Maxwell's Capacitive Co  Air            7%         ∞         100%        8
 Necromutation            Tmut/Necr      34%        N/A       100%        8
 Summon Horrible Things   Summ           23%        N/A       100%        8
 Death's Door             Necr           47%        N/A       100%        9


Dungeon Overview and Level Annotations

Branches:
Dungeon (15/15)            Temple (1/1) D:6            Lair (5/5) D:8
 Shoals (4/4) Lair:2       Spider (4/4) Lair:3        Slime (0/5) Lair:4
    Orc (2/2) D:9             Elf (0/3) Orc:2        Vaults (2/5) D:13
 Depths (0/4) D:15        Volcano (visited)
  Crypt: Vaults:2-3

Altars:
Ashenzari
Cheibriados
Dithmenos
Fedhas
Gozag
Hepliaklqana
Kikubaaqudgha
Makhleb
Nemelex Xobeh
Okawaru
Qazlal
Ru
Sif Muna
Trog
Uskayaw
Vehumet
Wu Jian
Xom
Yredelemnul
Jiyva

Shops:
D:4 (   D:9 *   Orc:1 *   Orc:2 [=(?   Shoals:1 **

Portals:
Trove: D:14 (give 9 potions of haste)

Annotations:
D:14 2 transporters, Uheoq's ghost, adept SpHu
Vaults:2 Mennas


Innate Abilities, Weirdness & Mutations

You have claws for hands.
You are completely covered in molten scales. (AC +4, rF+)
You sometimes gain power by taking damage.
You regenerate magic rapidly.
Your melee attacks may debilitate your foes.
Your hexes are more powerful.
You are surrounded by an aura of silence.
You have a pair of small antennae on your head.
You have large cloven feet.
You are partially covered in large bone plates. (SH +4)
You are resistant to electric shocks. (rElec)


Message History

Mennas struggles to escape constriction. x2
Aiming: Dig
Press: ? - help, Shift-Dir - straight line, p - Mennas Digging in that direction won't affect any walls.
This square is shrouded in silence and is lit by a halo.
Okay, then.
The grasping roots constrict Mennas!
Mennas escapes!
Press: ? - help, v - describe, . - travel
Here: Mennas, wielding a +5 eudemon blade of holy wrath and wearing a +0 tower shield of reflection (silenced, lightly wounded, radiating silence, reflecting blocked projectiles, haloed)
The floor.
Unknown command.
Throw: 4 throwing nets
Press: ? - help, Q - select action, (/) - cycle Shift-Dir - straight line, f/p - Mennas
Aim: Mennas, wielding a +5 eudemon blade of holy wrath and wearing a +0 tower shield of reflection (silenced, lightly wounded, radiating silence, reflecting blocked projectiles, haloed, 33% to hit)
You throw a throwing net.
The throwing net completely misses Mennas.
Mennas hits you with a +5 eudemon blade of holy wrath!
You convulse!
Mennas completely misses you. You block Mennas's attack.
Mennas hits you with a +5 eudemon blade of holy wrath!
* * * LOW HITPOINT WARNING * * *
You convulse!
* * * LOW HITPOINT WARNING * * *
Unknown command.
You feel much better.
Mennas hits you with a +5 eudemon blade of holy wrath!!
* * * LOW HITPOINT WARNING * * *
You convulse!!
* * * LOW HITPOINT WARNING * * *
You focus on the pain.
You feel mightier all of a sudden. You block Mennas's attack.
Throw: 3 throwing nets
Press: ? - help, Q - select action, (/) - cycle Shift-Dir - straight line, f/p - Mennas
Aim: Mennas, wielding a +5 eudemon blade of holy wrath and wearing a +0 tower shield of reflection (silenced, lightly wounded, radiating silence, reflecting blocked projectiles, haloed, 33% to hit)
You throw a throwing net.
The throwing net completely misses Mennas.
Mennas completely misses you.
Mennas hits you with a +5 eudemon blade of holy wrath!
You die...
Kikubaaqudgha rasps: "You have failed me!
Welcome... death!"

....#...........#
#........))...#
....#...........#
#.......).....#
....#...........#
###############
....########'#########
### ##### #.#.#.Z.#{#.#
#.. ##Z#.#.#.#Z## #..
#.#########.# #.. ##
##.#.#.#.#.## ########..
.# #.###..@###.#
#......#.. .#
#.>#...A.#.)# #......'..
.# #.###).T###.#
#......### .#
##.#.#J#.#.## #......# #
.# #.###.#####{# #....†.#
# .# ##.#[#.#.#Z##
#......# # .#
#.#.#...#.#Z# #......# #
##
######'#######Z###+######
.# #..).T..# #.....#


You could see Mennas (reflecting), a slime creature and a deep troll.

Vanquished Creatures
  Jorgrun (Spider:3)
  Kirke (D:12)
  2 sphinxes (Vaults:2)
  A kraken (Shoals:3)
  5 vault wardens
  4 ghost moths
  An orc warlord (Orc:1)
  9 ironbound preservers
  6 very ugly things
  4 ironbound thunderhulks
  A stone giant (D:10)
  A red draconian (Volcano)
  5 entropy weavers
  6 dire elephants
  A spark wasp (Spider:1)
  A fire dragon (D:15)
  Josephine (D:12)
  A great orb of eyes (Vaults:2)
  A merfolk javelineer (Shoals:4)
  3 yaktaur captains
  3 merfolk impalers
  2 vault guards
  6 hydras
  An ice dragon (D:15)
  13 boulder beetles
  A catoblepas (Lair:5)
  A merfolk avatar (Lair:5)
  An ogre mage (Orc:2)
  2 two-headed ogres
  4 merfolk aquamancers
  A satyr (Shoals:2)
  3 ironbound frosthearts
  4 radroaches (Spider:4)
  2 dancing weapons (D:13)
  An alligator snapping turtle (Shoals:4)
  13 centaur warriors
  A tengu warrior (D:13)
  9 death yaks
  2 orc high priests (Orc:1)
  Urug (D:12)
  3 hell knights (Vaults:2)
  A salamander mystic (Volcano)
  A shadow wraith (D:14)
  6 steelbarb worms
  8 pharaoh ants
  A sun moth (Spider:1)
  11 sea snakes
  A glowing orange brain (Vaults:2)
  15 deep trolls
  2 orb spiders
  A lindwurm (Vaults:2)
  The ghost of Gus979 the Cleaver, a novice HOFi (D:6)
  A necromancer (Vaults:2)
  4 wizards
  5 ironbound convokers
  An obsidian statue (D:9)
  15 harpies
  An orc knight (Orc:2)
  3 deep elf pyromancers
  9 manticores
  An oklob plant (Lair:1)
  19 ugly things
  8 wolf spiders
  8 orc sorcerers
  6 cyclopes
  2 merfolk sirens
  4 fauns (Shoals:1)
  4 vault sentinels
  3 moths of wrath
  4 salamanders (Volcano)
  7 elephants
  3 water nymphs
  3 black mambas
  2 gargoyles (D:13)
  2 torpor snails (Spider:3)
  A kobold demonologist (D:14)
  An unseen horror (D:13)
  5 rime drakes
  3 demonic crawlers
  2 molten gargoyles (Volcano)
  8 cane toads
  12 komodo dragons
  An orange demon (Lair:3)
  A yaktaur (shapeshifter) (D:13)
  16 yaktaurs
  3 trolls
  A meliai (Spider:4)
  6 merfolk
  2 polar bears
  A queen bee (D:8)
  7 tarantellas
  2 wind drakes
  2 hornets (D:9)
  12 blink frogs
  12 snapping turtles
  9 slime creatures
  3 dream sheep
  6 culicivoras
  A vampire (D:10)
  A jumping spider (shapeshifter) (D:10)
  2 shadows
  4 jumping spiders
  4 wyverns
  7 wraiths
  47 yaks
  7 hogs (D:12)
  2 fire bats (Volcano)
  2 steam dragons (Lair:5)
  4 basilisks
  24 redbacks
  16 vampire mosquitoes
  A human zombie (Vaults:2)
  4 wargs
  3 acid dragons
  7 water moccasins
  23 orc warriors
  A sky beast (D:7)
  7 black bears
  5 boggarts (D:14)
  12 wolves
  11 ogres
  5 centaurs
  A phantom (D:6)
  6 kobold brigands
  8 bullfrogs
  A gnoll sergeant (D:7)
  4 scorpions
  3 necrophages
  29 killer bees
  4 howler monkeys
  4 electric eels
  7 lava snakes (Volcano)
  4 hounds
  2 gnoll boudas
  3 jellies
  21 orc priests
  4 iguanas
  An iron imp (D:8)
  Jessica (D:2)
  31 orc wizards
  5 gnolls (D:8)
  7 adders
  2 shadow imps
  4 white imps (D:7)
  An ufetubus (D:6)
  2 worms
  77 orcs
  8 endoplasms
  8 giant cockroaches
  5 goblins
  5 hobgoblins
  4 jackals (D:1)
  29 kobolds
  3 quokkas
  3 ball pythons
  3 bats
  5 frilled lizards (D:6)
  5 rats
  3 tentacles (Shoals:3)
921 creatures vanquished.

Vanquished Creatures (collateral kills)
  Margery (Vaults:2)
  2 krakens
  A frost giant (Shoals:4)
  Ilsuiw (Shoals:2)
  4 vault wardens
  2 emperor scorpions (Spider:4)
  3 broodmothers
  2 ironbound thunderhulks
  A very ugly thing (Vaults:2)
  An entropy weaver (Spider:1)
  4 dire elephants
  Snorg (D:12)
  3 merfolk javelineers
  4 merfolk impalers
  2 vault guards (Vaults:1)
  Erolcha (D:11)
  A hydra (D:10)
  2 merfolk avatars
  An ogre mage (Orc:2)
  14 boulder beetles
  A catoblepas (Lair:5)
  2 ironbound frosthearts (Vaults:2)
  An alligator snapping turtle (Shoals:4)
  5 radroaches
  A death yak (Lair:3)
  4 centaur warriors
  A two-headed ogre (D:10)
  2 merfolk aquamancers (Shoals:1)
  2 alligators (Shoals:4)
  A satyr (Shoals:1)
  Amaemon (Lair:3)
  2 hell knights (Vaults:2)
  2 pharaoh ants (Spider:4)
  2 goliath frogs (Shoals:4)
  11 sea snakes
  5 orb spiders
  7 steelbarb worms
  4 deep trolls
  2 ironbound convokers
  A lindwurm (Vaults:1)
  24 harpies
  An orc sorcerer (Orc:2)
  8 ugly things
  5 fauns
  6 slime creatures
  8 wolf spiders
  11 manticores
  2 cyclopes
  3 elephants
  2 water nymphs
  A vault sentinel (Vaults:2)
  5 merfolk sirens
  A cane toad (Lair:5)
  2 torpor snails
  5 demonic crawlers
  4 yaktaurs
  A meliai (Spider:4)
  A troll (Orc:1)
  A polar bear (Lair:2)
  8 wind drakes
  13 tarantellas
  3 dream sheep
  5 blink frogs
  8 merfolk
  5 snapping turtles
  8 jumping spiders
  2 wyverns
  4 water elementals
  A wind drake zombie (Shoals:1)
  5 yaks
  15 culicivoras
  A slime creature zombie (Vaults:2)
  3 basilisks
  25 redbacks
  A water moccasin (Lair:4)
  4 black bears (Lair:1)
  3 orc warriors
  3 wolves
  3 ogres (Orc:1)
  2 bullfrogs
  2 electric eels (D:11)
  An orc priest (Orc:1)
  3 orc wizards
  An adder (D:2)
  7 orcs
  A hobgoblin (D:4)
  5 kobolds
  5 plants
  9 tentacles
355 creatures vanquished.

Vanquished Creatures (others)
  3 very ugly thing zombies (Vaults:1)
  A radroach (Spider:4)
  2 entropy weaver zombies
  7 ugly thing zombies
  A wolf spider zombie (Spider:4)
  5 human zombies
  Maurice (D:9)
  5 centaur zombies
  A dire elephant zombie (Vaults:1)
  5 merfolk zombies
  An orb spider zombie (Spider:1)
  2 death yak zombies (D:8)
  A steelbarb worm zombie (Spider:2)
  5 sea snake zombies
  8 redback zombies
  A hydra zombie (D:10)
  16 harpy zombies
  A moth of wrath zombie (Spider:3)
  A sun moth zombie (Spider:1)
  A tarantella (Spider:2)
  A radroach zombie (Spider:4)
  4 tarantella zombies
  3 jumping spider zombies
  4 culicivora zombies
  A water elemental (Shoals:2)
  A slime creature zombie (D:12)
  A deep troll zombie (Vaults:1)
  2 faun zombies (Shoals:1)
  A two-headed ogre zombie (D:10)
  An acid dragon (D:8)
  4 elephant zombies (Lair:3)
  3 blink frog zombies (Lair:5)
  A vampire mosquito zombie (D:10)
  2 hog zombies (D:12)
  2 torpor snail zombies
  9 yaktaur zombies
  A wyvern zombie (D:11)
  11 yak zombies
  A warg zombie (Orc:1)
  A troll zombie (Orc:1)
  3 wolf zombies
  2 bullfrog zombies (Lair:3)
  An orc wizard (D:9)
  An ogre zombie (Orc:2)
  2 acid dragon zombies (D:8)
  An adder zombie (D:6)
  3 gnoll zombies (D:8)
  A ball python (D:8)
  A ball python zombie (D:8)
  13 kobold zombies
  36 orc zombies
  55 fungi
  225 plants
  27 tentacles
493 creatures vanquished.

Grand Total: 1769 creatures vanquished

Notes
Turn   | Place    | Note
-------+----------+-------------------------------------------
     0 | D:1      | mathmaestro the Demonspawn Necromancer began the quest for
                  | the Orb.
     0 | D:1      | Reached XP level 1. HP: 13/13 MP: 3/3
   103 | D:1      | Found a faded altar of an unknown god.
   136 | D:1      | Gained mutation: You are partially covered in molten
                  | scales. (AC +2) [demonic ancestry]
   136 | D:1      | Reached XP level 2. HP: 8/20 MP: 0/5
   726 | D:1      | Reached skill level 1 in Fighting
  1469 | D:2      | Gained mutation: You are mostly covered in molten scales.
                  | (AC +3) [demonic ancestry]
  1469 | D:2      | Reached XP level 3. HP: 26/26 MP: 4/6
  1564 | D:2      | Learned a level 3 spell: Vampiric Draining
  1688 | D:2      | Reached skill level 1 in Armour
  1688 | D:2      | Gained mutation: You have sharp fingernails. [demonic
                  | ancestry]
  1688 | D:2      | Reached XP level 4. HP: 12/32 MP: 1/7
  2236 | D:2      | Noticed Jessica
  2239 | D:2      | Killed Jessica
  2240 | D:2      | Reached skill level 5 in Necromancy
  2776 | D:3      | Identified a scroll of acquirement
  2776 | D:3      | Acquired a staff of death
  2812 | D:3      | Reached XP level 5. HP: 24/38 MP: 4/9
  2817 | D:3      | Learned a level 4 spell: Animate Dead
  3224 | D:3      | Noticed a black bear
  3238 | D:3      | Killed a black bear
  3239 | D:3      | Reached skill level 1 in Staves
  3239 | D:3      | Reached skill level 1 in Shields
  3239 | D:3      | Reached skill level 1 in Evocations
  3239 | D:3      | Gained mutation: You sometimes gain a little power by
                  | taking damage. [demonic ancestry]
  3239 | D:3      | Reached XP level 6. HP: 33/46 MP: 4/10
  4403 | D:4      | Found Biab's Antique Weapon Boutique.
  4843 | D:5      | Entered Level 5 of the Dungeon
  4843 | D:5      | Noticed a water moccasin
  4847 | D:5      | Killed a water moccasin
  5007 | D:5      | Reached XP level 7. HP: 38/51 MP: 9/12
  5577 | D:5      | Learned a level 2 spell: Blink
  6212 | D:6      | Found a runed translucent gate.
  6212 | D:6      | Found a runed translucent gate.
  6212 | D:6      | Found a runed translucent gate.
  6213 | D:6      | Noticed Gus979's ghost (novice HOFi)
  6265 | D:6      | Found a staircase to the Ecumenical Temple.
  6288 | Temple   | Entered the Ecumenical Temple
  6396 | Temple   | Became a worshipper of Kikubaaqudgha
  6594 | D:6      | Reached skill level 6 in Necromancy
  6594 | D:6      | Reached skill level 1 in Translocations
  6594 | D:6      | Reached XP level 8. HP: 42/58 MP: 13/13
  6966 | D:6      | Learned a level 5 spell: Agony
  7104 | D:6      | Reached * piety under Kikubaaqudgha
  7104 | D:6      | Received a gift from Kikubaaqudgha
  7165 | D:6      | Found an ornate altar of the Wu Jian Council.
  7533 | D:7      | Noticed a green ugly thing
  7533 | D:7      | Noticed a boulder beetle
  7633 | D:6      | Killed Gus979's ghost
  7872 | D:6      | Identified the +2 helmet "Wow Mago" {Harm rElec Str+3}
  7890 | D:6      | Acquired the +1 pair of boots of Patterns {rPois Will+}
  7997 | D:7      | Gained mutation: You regenerate magic rapidly. [demonic
                  | ancestry]
  7997 | D:7      | Reached XP level 9. HP: 65/65 MP: 12/15
  8070 | D:7      | Noticed a deep elf pyromancer
  8248 | D:7      | You fall into a shaft and drop 3 floors!
  8248 | D:10     | Entered Level 10 of the Dungeon
  8266 | D:10     | Found a shimmering altar of Xom.
  8304 | D:10     | Noticed a two-headed ogre
  8318 | D:10     | Killed a two-headed ogre
  8319 | D:10     | Reached skill level 5 in Evocations
  8466 | D:9      | Reached ** piety under Kikubaaqudgha
  8467 | D:9      | Reached skill level 7 in Necromancy
  8495 | D:9      | Noticed Maurice
  8498 | D:9      | Reached skill level 5 in Spellcasting
  8550 | D:9      | Killed Maurice
  8551 | D:9      | Reached skill level 5 in Fighting
  8733 | D:9      | Noticed an obsidian statue
  8777 | D:9      | Found a staircase to the Orcish Mines.
  8838 | D:9      | Gained mutation: You have very sharp fingernails. [demonic
                  | ancestry]
  8838 | D:9      | Reached XP level 10. HP: 62/74 MP: 0/17
  8918 | D:9      | Found Cankai's Overcharged Wands.
  9480 | D:7      | Reached skill level 5 in Armour
  9483 | D:7      | Noticed a cyclops
  9493 | D:7      | Killed a cyclops
  9672 | D:7      | Noticed a two-headed ogre
  9702 | D:7      | Killed a brown ugly thing
  9703 | D:7      | Reached skill level 5 in Shields
  9703 | D:7      | Reached skill level 8 in Necromancy
  9709 | D:7      | Killed a deep elf pyromancer
  9710 | D:7      | Reached skill level 5 in Staves
  9724 | D:7      | Killed a two-headed ogre
  9871 | D:7      | Killed a boulder beetle
  9872 | D:7      | Gained mutation: You are completely covered in molten
                  | scales. (AC +4, rF+) [demonic ancestry]
  9872 | D:7      | Reached XP level 11. HP: 47/83 MP: 3/20
 10183 | D:7      | Reached *** piety under Kikubaaqudgha
 10183 | D:7      | Received a gift from Kikubaaqudgha
 10217 | D:7      | Learned a level 4 spell: Dispel Undead
 10836 | D:8      | Found a staircase to the Lair.
 10836 | D:8      | Noticed a death yak
 11142 | D:8      | Noticed a death yak
 11142 | D:8      | Noticed a death yak
 11168 | D:8      | Killed a death yak
 11184 | D:8      | Killed a death yak
 11195 | D:8      | Killed a death yak
 11196 | D:8      | Reached skill level 9 in Necromancy
 11800 | D:8      | Found a snail-covered altar of Cheibriados.
 12224 | D:9      | Reached **** piety under Kikubaaqudgha
 13300 | D:10     | Noticed a stone giant
 13300 | D:10     | Noticed a two-headed ogre
 13300 | D:10     | Noticed a five-headed hydra
 13312 | D:10     | Reached skill level 10 in Evocations
 13324 | D:10     | Killed a stone giant
 13329 | D:10     | Killed a five-headed hydra
 13332 | D:10     | Killed a two-headed ogre
 13333 | D:10     | Reached skill level 10 in Necromancy
 13333 | D:10     | Gained mutation: You sometimes gain power by taking damage.
                  | [demonic ancestry]
 13333 | D:10     | Reached XP level 12. HP: 57/92 MP: 7/23
 13712 | Lair:1   | Entered Level 1 of the Lair of Beasts
 13728 | Lair:1   | Found a transporter.
 13729 | Lair:1   | Found a transporter.
 13729 | Lair:1   | Noticed a boulder beetle
 14690 | Lair:2   | Noticed a death yak
 14691 | Lair:2   | Noticed a death yak
 14698 | Lair:2   | Noticed a death yak
 14728 | Lair:2   | Killed a death yak
 14737 | Lair:2   | Killed a death yak
 14744 | Lair:2   | Killed a death yak
 14821 | Lair:2   | Found a staircase to the Shoals.
 14911 | Lair:2   | Reached ***** piety under Kikubaaqudgha
 15192 | Lair:2   | Reached skill level 11 in Necromancy
 15933 | Lair:1   | Killed a boulder beetle
 16126 | Lair:3   | Found a hole to the Spider Nest.
 16202 | Lair:3   | Reached XP level 13. HP: 94/101 MP: 18/26
 16646 | Lair:3   | Learned a level 5 spell: Borgnjor's Vile Clutch
 16653 | Lair:3   | Learned a level 6 spell: Simulacrum
 16683 | Lair:3   | Noticed Amaemon
 16695 | Lair:3   | Killed Amaemon
 17090 | Lair:3   | Upgraded the game from 0.29-a0-885-gb26ba3297d to
                  | 0.29-a0-887-gcbe080d7e0
 17131 | Lair:4   | Reached skill level 1 in Ice Magic
 17147 | Lair:4   | Reached skill level 1 in Earth Magic
 17153 | Lair:4   | Reached skill level 10 in Fighting
 17675 | Lair:4   | Reached skill level 12 in Necromancy
 18097 | Lair:4   | Found a viscous altar of Jiyva.
 18097 | Lair:4   | Found a staircase to the Slime Pits.
 18320 | Lair:5   | Entered Level 5 of the Lair of Beasts
 18552 | Lair:5   | Found a dark tunnel.
 18560 | Volcano  | Entered a volcano
 18661 | Volcano  | Reached ****** piety under Kikubaaqudgha
 18962 | Volcano  | Found a bloodstained altar of Trog.
 18991 | Volcano  | Noticed a red draconian
 19121 | Volcano  | Killed a red draconian
 19623 | Lair:5   | Reached XP level 14. HP: 86/111 MP: 27/27
 19698 | Lair:5   | Reached skill level 10 in Spellcasting
 20470 | Lair:5   | Identified the ring "Hussur" {Will++ Str+6}
 20701 | Lair:5   | Learned a level 2 spell: Sublimation of Blood
 22202 | D:11     | Noticed Erolcha
 22211 | D:11     | Killed Erolcha
 22922 | D:12     | Reached skill level 10 in Staves
 22930 | D:12     | Reached skill level 13 in Necromancy
 23232 | D:12     | Noticed Urug
 23242 | D:12     | Killed Urug
 23334 | D:12     | Noticed Kirke
 23349 | D:12     | Killed Kirke
 23429 | D:12     | Noticed Josephine
 23436 | D:12     | Killed Josephine
 23537 | D:12     | Noticed Snorg
 23549 | D:12     | Killed Snorg
 23599 | D:12     | Gained mutation: You have claws for hands. [demonic
                  | ancestry]
 23599 | D:12     | Reached XP level 15. HP: 119/119 MP: 29/29
 24293 | D:13     | Found a gate to the Vaults.
 24311 | D:13     | Reached skill level 5 in Earth Magic
 24374 | D:13     | Reached skill level 5 in Ice Magic
 24489 | D:13     | Reached XP level 16. HP: 47/126 MP: 15/30
 24801 | D:13     | Identified the +2 robe "Viuhua" {rN+ Will+ Dex-4 SInv}
 24967 | D:14     | Found a transporter.
 24968 | D:14     | Noticed Uheoq's ghost (adept SpHu)
 25102 | D:14     | Identified the +4 great mace of the Building Gods {freeze,
                  | Int+6}
 25108 | D:14     | Found a transporter.
 25595 | D:14     | Found a portal to a secret trove of treasure.
 25674 | D:15     | Entered Level 15 of the Dungeon
 25800 | D:15     | Found a staircase to the Depths.
 25905 | D:15     | Found a broken altar of Ashenzari.
 26732 | Lair:1   | Received a gift from Kikubaaqudgha
 26775 | Orc:1    | Entered Level 1 of the Orcish Mines
 26775 | Orc:1    | Found Inwialud's Assorted Antiques.
 26867 | Orc:2    | Entered Level 2 of the Orcish Mines
 27152 | Orc:1    | Reached skill level 5 in Dodging
 27566 | Orc:2    | Found a staircase to the Elven Halls.
 27797 | Orc:2    | Found Tyovoyff's Jewellery Shop.
 27855 | Orc:2    | Found a radiant altar of Vehumet.
 27936 | Orc:2    | Found an ancient bone altar of Kikubaaqudgha.
 27967 | Orc:2    | Found Gaaleadgh's Magic Scroll Boutique.
 27975 | Orc:2    | Bought a scroll of acquirement for 884 gold pieces
 28008 | Orc:2    | Found Echegew's Antique Armour Boutique.
 28032 | Orc:2    | Found Oplasios's Antique Weapon Boutique.
 28646 | Spider:1 | Entered Level 1 of the Spider Nest
 28775 | Spider:1 | Gained mutation: Potions are less effective at restoring
                  | your health. [mutagenic glow]
 29066 | Spider:1 | Gained mutation: Your hexes are more powerful. [demonic
                  | ancestry]
 29066 | Spider:1 | Reached XP level 17. HP: 133/133 MP: 32/32
 29066 | Spider:1 | Lost mutation: Potions are less effective at restoring your
                  | health. [potion of mutation]
 29066 | Spider:1 | Gained mutation: Your spells are a little easier to cast,
                  | but a little less powerful. [potion of mutation]
 29066 | Spider:1 | Gained mutation: You possess an exceptional clarity of
                  | mind. [potion of mutation]
 29066 | Spider:1 | Gained mutation: You have a pair of small horns on your
                  | head. [potion of mutation]
 29067 | Spider:1 | Lost mutation: You have a pair of small horns on your head.
                  | [potion of mutation]
 29067 | Spider:1 | Lost mutation: You possess an exceptional clarity of mind.
                  | [potion of mutation]
 29067 | Spider:1 | Lost mutation: Your spells are a little easier to cast, but
                  | a little less powerful. [potion of mutation]
 29067 | Spider:1 | Gained mutation: You are frail. (-10% HP) [potion of
                  | mutation]
 29067 | Spider:1 | Gained mutation: You occasionally lose the ability to drink
                  | potions when taking damage. [potion of mutation]
 29068 | Spider:1 | Lost mutation: You occasionally lose the ability to drink
                  | potions when taking damage. [potion of mutation]
 29068 | Spider:1 | Lost mutation: You are frail. (-10% HP) [potion of
                  | mutation]
 29068 | Spider:1 | Gained mutation: Your body sometimes deteriorates upon
                  | taking damage. [potion of mutation]
 29234 | Spider:1 | Reached skill level 5 in Stealth
 29420 | Spider:1 | Reached skill level 14 in Necromancy
 29492 | Spider:1 | Lost mutation: Your body sometimes deteriorates upon taking
                  | damage. [potion of mutation]
 29492 | Spider:1 | Gained mutation: Your spells are a little harder to cast,
                  | but a little more powerful. [potion of mutation]
 29492 | Spider:1 | Gained mutation: You have large cloven feet. [potion of
                  | mutation]
 29492 | Spider:1 | Gained mutation: Armour fits poorly on your strangely
                  | shaped body. [potion of mutation]
 29493 | Spider:1 | Lost mutation: Armour fits poorly on your strangely shaped
                  | body. [potion of mutation]
 29493 | Spider:1 | Lost mutation: Your spells are a little harder to cast, but
                  | a little more powerful. [potion of mutation]
 29493 | Spider:1 | Gained mutation: You are partially covered in large bone
                  | plates. (SH +4) [potion of mutation]
 29493 | Spider:1 | Gained mutation: You have a pair of small antennae on your
                  | head. [potion of mutation]
 29493 | Spider:1 | Gained mutation: You are resistant to electric shocks.
                  | (rElec) [potion of mutation]
 30833 | Spider:3 | Noticed Jorgrun
 30840 | Spider:3 | Killed Jorgrun
 32198 | Spider:4 | Entered Level 4 of the Spider Nest
 32407 | Spider:3 | Learned a level 7 spell: Haunt
 32608 | Spider:4 | Reached skill level 1 in Summonings
 32723 | Spider:4 | Acquired 817 gold pieces
 32725 | Spider:4 | Acquired 904 gold pieces
 32727 | Spider:4 | Acquired 893 gold pieces
 32729 | Spider:4 | Acquired a +1 lajatang of distortion
 33269 | Spider:4 | Gained mutation: Your melee attacks may debilitate your
                  | foes. [demonic ancestry]
 33269 | Spider:4 | Reached XP level 18. HP: 120/142 MP: 33/33
 33452 | Spider:4 | Got a gossamer rune of Zot
 33940 | Shoals:1 | Entered Level 1 of the Shoals
 33945 | Shoals:1 | Found Muliwkat's CLEARANCE SALE!.
 33954 | Shoals:1 | Bought a scroll of fear for 24 gold pieces
 34011 | D:9      | Bought a wand of digging (11) for 693 gold pieces
 34100 | Orc:2    | Bought 2 scrolls of blinking for 255 gold pieces
 34100 | Orc:2    | Bought a scroll of identify for 34 gold pieces
 34100 | Orc:2    | Bought a scroll of identify for 34 gold pieces
 34100 | Orc:2    | Bought a scroll of identify for 34 gold pieces
 34293 | Orc:1    | Bought a scroll of fog for 100 gold pieces
 34369 | Shoals:1 | Found Qalubor's Assorted Antiques.
 34404 | Shoals:1 | Bought a potion of haste for 290 gold pieces
 35393 | Shoals:2 | Identified the +2 leather armour of Indomitability {rF+
                  | Will+ Dex+4}
 35467 | Shoals:2 | Noticed Ilsuiw
 35483 | Shoals:2 | Reached skill level 15 in Necromancy
 35503 | Shoals:2 | Killed Ilsuiw
 35937 | Shoals:3 | Upgraded the game from 0.29-a0-887-gcbe080d7e0 to
                  | 0.29-a0-892-g2c4c91d9db
 35950 | Shoals:3 | Identified the +1 chain mail "Retz" {Drain Str+6}
 36779 | Shoals:4 | Entered Level 4 of the Shoals
 36879 | Shoals:4 | Reached skill level 10 in Dodging
 37138 | Shoals:4 | Reached XP level 19. HP: 55/150 MP: 30/35
 37143 | Shoals:4 | Got the Textbook on Unified Fascination
 37714 | Shoals:4 | Reached skill level 5 in Summonings
 37803 | Shoals:4 | Identified the +5 sling of Terchaese {flame, Str+3 Dex+4}
 37882 | Shoals:4 | Got a barnacled rune of Zot
 38246 | Vaults:1 | Entered Level 1 of the Vaults
 40003 | Vaults:2 | Noticed Margery
 40025 | Vaults:2 | Killed Margery
 40160 | Vaults:2 | Gained mutation: You are surrounded by an aura of silence.
                  | [demonic ancestry]
 40160 | Vaults:2 | Reached XP level 20. HP: 72/159 MP: 25/37
 40382 | Vaults:2 | Reached skill level 16 in Necromancy
 41052 | Vaults:2 | Noticed Mennas
 41094 | Vaults:2 | HP: 6/160 [Mennas/+5 eudemon blade of holy wrath (22)]
 41095 | Vaults:2 | Mangled by Mennas

Illustrated notes

Levels and vault maps discovered:
D:1:      minmay_arrival_nine_rooms, layout_basic, basic_ecumenical_altar
D:2:      layout_basic, uniq_jessica
D:3:      layout_basic
D:4:      layout_rooms, serial_shops, nicolae_shop_competitors_out_of_business
D:5:      layout_loops_cross, lemuel_round_altar, grunt_ministairs_14
D:6:      layout_loops_ring, general_overflow_altar,
          minmay_temple_entry_statues_pillars, biasface_ghost_orc_armoury,
          minmay_lizard_king
D:7:      minmay_the_grid_octo_triangle [minmay_the_grid_octo_clover_2,
          minmay_the_grid_octo_prize_big_c, minmay_the_grid_octo_odd_swirl],
          layout_cave_pods
D:8:      layout_basic, chei_slow_surprise, dpeg_lair_monsters,
          nicolae_looking_at_the_future
D:9:      layout_irregular_city, david_orc_3, nrook_uturn, fountainhead,
          minivault_16, nicolae_shop_overcharged_wands, uniq_maurice
D:10:     layout_roguey, mainiacjoe_overflow_six_doors_small, wad_scary_box
D:11:     wad_lake_hut, layout_basic, nicolae_water_bricks, uniq_erolcha
D:12:     layout_stronghold, uniq_josephine, uniq_snorg, uniq_urug, uniq_kirke
D:13:     cheibrodos_fzero, layout_long_grid, erik_vaults_1,
          nicolae_concentric_dashed_squares_wild, hive_lemuel
D:14:     layout_roguey, nicolae_trove_entry_columns, gammafunk_ghost_smash
D:15:     grunt_enter_depths_hoard, layout_basic, ashenzari_altar_1
Temple:   dpeg_three_leaves_temple
Lair:1:   gammafunk_boulding_lane, layout_small_grid, minmay_lair_oklob_bushes,
          beast_lair_carwin_6
Lair:2:   layout_long_grid, minmay_shoals_entry_beasts, dreamdust_gnoll_shepherd
Lair:3:   layout_roguey, spider_nest_entry_web_field, uniq_amaemon
Lair:4:   layout_roguey, slime_entry_1
Lair:5:   gammafunk_lair_ancient_temple, layout_concentric_octagons,
          lightli_volcano_entry_magma_tube, infiniplex_staircase_pool
Shoals:1: cheibrodos_shoals_three_sisters, layout_shoals, serial_shops,
          shop_statue, nicolae_shop_clearance
Shoals:2: layout_shoals, uniq_ilsuiw
Shoals:3: layout_shoals, nicolae_shoals_circle_sea_wall
Shoals:4: shoals_end_grunt_ice, layout_shoals, nicolae_shoals_goliath_grotto
Spider:1: nicolae_spider_hilbert_zone_5 [nicolae_spider_hilbert_3_sides_1_open,
          nicolae_spider_hilbert_4_sides_1_open,
          nicolae_spider_hilbert_4_sides_1_open,
          nicolae_spider_hilbert_6_sides_1_open,
          nicolae_spider_hilbert_6_sides_1_open],
          nicolae_spider_rock_and_or_roll
Spider:2: layout_spider_delve
Spider:3: layout_chambers, hangedman_spider_tarantella_strand,
          nicolae_spider_cling_halls, uniq_jorgrun
Spider:4: hellmonk_spider_rune_bug_friends, hangedman_spider_mandibles
Orc:1:    layout_caves, serial_shops, nicolae_shop_stone, minmay_orc_temple_c
Orc:2:    kennysheep_orc_mage_school, layout_caves
Vaults:1: hangedman_vaults_locks, grunt_vaults_swirl, ontoclasm_vaults_hangar,
          v_misc_16, vaults_room_stairs_pillars,
          vaults_room_grunt_arrival_ludios, layout_vaults_omnigrid
Vaults:2: v_pattern_5, v_misc_25, gammafunk_its_a_trap, v_alt_pattern_4,
          dpeg_vaults_monster_box, vaults_room_pool, grunt_vaults_hallway_short,
          vaults_standard_mumra_lines, nicolae_vaults_border_crossing,
          hangedman_vaults_snaps, v_misc_9, nicolae_vaults_circle_grid_b,
          layout_vaults_maze_bifur, serial_shops, uniq_margery, uniq_mennas

Skill      XL: |  1  2  3  4  5  6  7  8  9 10 11 12 13 14 15 16 17 18 19 20 |
---------------+-------------------------------------------------------------+-----
Stealth        | 2 4 5 |  5.0
Dodging        | 2 3 5 8 10 11 | 11.4
Fighting       | 1 2 3 4 5 6 8 9 10 11 12 13 14 | 14.3
Armour         | 1 2 3 4 5 6 7 8 9 |  9.8
Necromancy     | 5 6 7 8 10 11 12 13 14 15 16 | 16.1
Spellcasting   | 3 4 5 6 7 9 10 11 12 13 | 13.3
Staves         | 1 2 3 4 5 7 8 9 11 12 | 12.0
Shields        | 1 2 3 4 5 6 7 8 9 |  9.8
Evocations     | 1 2 4 6 8 10 11 12 13 | 13.0
Translocations | 1 2 3 4 |  4.0
Ice Magic      | 3 4 5 6 7 8 9 |  9.7
Earth Magic    | 3 4 5 6 7 8 9 |  9.8
Summonings     | 2 4 6 7 |  7.0

Action                   |  1- 3 |  4- 6 |  7- 9 | 10-12 | 13-15 | 16-18 | 19-21 || total
-------------------------+-------+-------+-------+-------+-------+-------+-------++-------
Melee: Dagger            |    16 |     1 |       |       |       |       |       ||    17
       Staff             |       |   118 |   399 |   840 |   455 |   990 |   357 ||  3159
Throw: Throwing net      |       |       |       |       |       |       |     2 ||     2
 Cast: Necrotise         |    52 |    85 |    61 |    22 |    19 |     3 |       ||   242
       Vampiric Draining |       |     2 |    35 |    85 |    83 |    66 |    35 ||   306
       Animate Dead      |       |       |     3 |     9 |    10 |    15 |     5 ||    42
       Blink             |       |       |     1 |       |     1 |     1 |     1 ||     4
       Agony             |       |       |       |     1 |       |       |       ||     1
       Dispel Undead     |       |       |       |     5 |    22 |     5 |       ||    32
       Borgnjor's Vile C |       |       |       |       |    61 |   128 |    58 ||   247
       Sublimation of Bl |       |       |       |       |     2 |     7 |       ||     9
       Simulacrum        |       |       |       |       |       |    64 |    36 ||   100
Invok: Unearth Wretches  |       |       |       |     1 |       |       |       ||     1
       Receive Forbidden |       |       |       |       |       |     1 |       ||     1
Evoke: Wand              |       |     1 |     9 |     8 |     6 |     2 |     2 ||    28
  Use: Scroll            |       |     9 |     3 |    11 |     7 |     8 |     1 ||    39
       Potion            |       |       |       |     1 |     1 |    10 |     5 ||    17
 Stab: Sleeping          |       |     2 |       |     2 |     5 |     5 |     2 ||    16
       Paralysed         |       |       |       |    11 |       |       |       ||    11
       Distracted        |       |       |       |     6 |     4 |    15 |     9 ||    34
       Held in net/web   |       |       |       |     2 |       |       |       ||     2
Armor: Robe              |     2 |       |       |       |       |       |       ||     2
       Leather armour    |     8 |    59 |   151 |   278 |   185 |       |       ||   681
       Troll leather arm |       |       |       |       |    27 |   365 |    86 ||   478
Dodge: Dodged            |     5 |    64 |   274 |   446 |   293 |   671 |   301 ||  2054
       Repelled          |       |       |       |       |       |     4 |     4 ||     8
Block: Other             |     5 |     1 |       |       |       |       |       ||     6
       Buckler           |       |    65 |   264 |   452 |   280 |   793 |   339 ||  2193
       Reflection        |       |     2 |    15 |     9 |    12 |    43 |    17 ||    98

Table legend: (Time is in decaauts)
 A = Elapsed time spent in this place.
 B = Non-inter-level travel time spent in this place.
 C = Inter-level travel time spent in this place.
 D = Time resting spent in this place.
 E = Time spent auto-exploring this place.
 F = Levels seen in this place.
 G = Mean time per level.
                   A        B        C        D        E       F      G
               +--------+--------+--------+--------+--------+-----+--------+
         Total |  41025 |  38183 |   2842 |   5188 |  23524 |  34 | 1206.6 |
       Dungeon |  19363 |  17766 |   1597 |   2646 |  11090 |  15 | 1290.9 |
        Temple |    114 |     89 |     25 |      0 |     80 |   1 |  114.0 |
          Lair |   6854 |   6438 |    416 |   1142 |   3694 |   5 | 1370.8 |
        Shoals |   3949 |   3760 |    189 |    115 |   2547 |   4 |  987.2 |
   Spider Nest |   5093 |   4764 |    329 |    678 |   2891 |   4 | 1273.2 |
  Orcish Mines |   1889 |   1610 |    279 |     24 |   1090 |   2 |  944.5 |
        Vaults |   2739 |   2734 |      5 |    116 |   1828 |   2 | 1369.5 |
       Volcano |   1021 |   1021 |      0 |    467 |    303 |   1 | 1021.0 |
               +--------+--------+--------+--------+--------+-----+--------+

Top non-repeatable levels by time:
Spider:3: 2012 daAuts
     D:7: 1864 daAuts
     D:5: 1738 daAuts
     D:9: 1707 daAuts
  Lair:1: 1580 daAuts
Vaults:1: 1578 daAuts
     D:6: 1556 daAuts
     D:3: 1541 daAuts
  Lair:5: 1520 daAuts
  Lair:3: 1458 daAuts
     D:1: 1423 daAuts
     D:2: 1413 daAuts
  Lair:2: 1386 daAuts
   Orc:2: 1343 daAuts
    D:10: 1323 daAuts
